 Dungeon Crawl Stone Soup version 0.26-a0-597-gb535b0901c (webtiles) character file.

Game seed: 11373058756848372491

49 Cokeysmoke the Sneak (level 3, 0/16 HPs)
             Began as a Spriggan Enchanter on Sept 7, 2020.
             Succumbed to an adder's poison
             ... on level 2 of the Dungeon.
             The game lasted 00:03:30 (1808 turns).

Cokeysmoke the Sneak (Spriggan Enchanter)           Turns: 1808, Time: 00:03:30

Health: 0/16       AC:  2    Str:  4    XL:     3   Next: 53%
Magic:  8/8        EV: 19    Int: 12    God:
Gold:   74         SH:  0    Dex: 17    Spells: 7/8 levels left

rFire    . . .     SeeInvis +   f - +2 dagger (holy)
rCold    . . .     Faith    .   (shield restricted)
rNeg     . . .     Spirit   .   b - +0 robe
rPois    .         Reflect  .   (helmet restricted)
rElec    .         Harm     .   (no cloak)
rCorr    +                      (gloves unavailable)
MR       .....                  (boots unavailable)
Stlth    +++.......             (no amulet)
HPRegen  0.05/turn              g - -4 ring of intelligence (curse)
MPRegen  0.11/turn              h - ring of resist corrosion

@: lethally poisoned (0 -> -4), flying, very quick
A: very small, unfitting armour, see invisible, speed 3
a: no special abilities


You were on level 2 of the Dungeon.
You visited 1 branch of the dungeon, and saw 2 of its levels.

You collected 74 gold pieces.

Inventory:

Hand Weapons
 a - a +1 dagger
 f - a +2 dagger of holy wrath (weapon)
Armour
 b - a +0 robe (worn)
Jewellery
 g - a cursed -4 ring of intelligence (left hand)
 h - a ring of resist corrosion (right hand)
Wands
 l - a wand of flame (23)
Scrolls
 c - a scroll of enchant weapon {unknown}
 d - a scroll of teleportation {unknown}
 e - a scroll of amnesia {unknown}
 i - 2 scrolls of identify {unknown}
 j - a scroll of random uselessness {unknown}
 k - a scroll of enchant armour {unknown}


   Skills:
 + Level 1.6 Short Blades
 + Level 3.6 Dodging
 * Level 5.4 Stealth
 + Level 3.2 Spellcasting
 + Level 4.0 Hexes


You had 7 spell levels left.
You knew the following spells:

 Your Spells              Type           Power        Failure   Level
a - Corona                Hex            ##.....      4%          1

Your spell library contained the following spells:

 Spells                   Type           Power        Failure   Level
 Confusing Touch          Hex            ##......     14%         3
 Tukima's Dance           Hex            ##......     14%         3
 Ensorcelled Hibernation  Hex/Ice        #.....       16%         2
 Dazzling Flash           Conj/Hex       #.....       32%         3


Dungeon Overview and Level Annotations

Branches:
Dungeon (2/15)

Altars:
Vehumet


Innate Abilities, Weirdness & Mutations

You are very small and have problems with some larger weapons.
You are too small for most types of armour.
You have supernaturally acute eyesight. (SInv)
You cover ground extremely quickly.


Message History

The adder is severely wounded.
* * * LOW HITPOINT WARNING * * *
You feel sick. The adder barely misses you. The adder closely misses you.
It was a potion of flight.
You feel very buoyant.
You fly up into the air.
The adder barely misses you.
You miss the adder.
The adder is severely wounded.
The adder misses you.
You miss the adder.
The adder is severely wounded.
* * * LOW HITPOINT WARNING * * *
You feel sick. The adder closely misses you.
There is an open door here.
* * * LOW HITPOINT WARNING * * *
You feel sick.
Things that are here:
a +0 club; a kobold corpse
There is an open door here.
You die... #.# ♣♣♣.♣ #.# ♣.... #.# ### ♣PPP♣

##.###.#♣ ♣..P♣
##.......♣ ♣P.
#.....#.#♣♣ .P
♣.......#.♣
♣P♣#.#.###.# ..P
#@#.....# ..♣
#.####### #♣♣ .♣ ♣#'##
#.# ♣...## #.#
♣..♣...S## #.#
♣♣....).## ##.##
#.........####...#####
+.........'...........
##........##.#...##.##


There were no monsters in sight!

Vanquished Creatures
  An adder (D:2)
  A worm (D:2)
  A dart slug (D:1)
  2 leopard geckos (D:1)
  A giant cockroach (D:2)
  5 goblins
  6 hobgoblins
  A quokka (D:2)
  4 bats
  3 frilled lizards (D:1)
  3 kobolds
  6 rats
34 creatures vanquished.

Vanquished Creatures (others)
  4 plants (D:2)
4 creatures vanquished.

Grand Total: 38 creatures vanquished

Notes
Turn   | Place    | Note
-------+----------+-------------------------------------------
     0 | D:1      | Cokeysmoke the Spriggan Enchanter began the quest for the
                  | Orb.
     0 | D:1      | Reached XP level 1. HP: 9/9 MP: 5/5
   267 | D:1      | Reached XP level 2. HP: 13/13 MP: 6/6
   562 | D:1      | Reached skill level 5 in Stealth
  1149 | D:2      | Found a radiant altar of Vehumet.
  1197 | D:2      | Reached XP level 3. HP: 16/16 MP: 8/8
  1808 | D:2      | Succumbed to an adder's poison

Illustrated notes

Levels and vault maps discovered:
D:1:      tarquinn_simple_flora_water_e, layout_basic
D:2:      layout_loops_corners, marbit_many_paths, vehumet_crystals,
          serial_forest, infiniplex_forest_zigzag_1, infiniplex_forest_lined_2,
          infiniplex_forest_clump_small, infiniplex_forest_end_3,
          infiniplex_forest_corner_2, infiniplex_forest_split,
          infiniplex_forest_clump_double

Skill      XL: |  1  2  3 |
---------------+----------+-----
Spellcasting   | 3 |  3.2
Stealth        | 5 |  5.4
Hexes          | 4 |  4.0
Short Blades   | |  1.6
Dodging        | |  3.6

Action                   || total
-------------------------++-------
Melee: Dagger            ||   117
 Cast: Corona            ||     5
  Use: Potion            ||     2
 Stab: Sleeping          ||    15
Armor: Robe              ||     7
Dodge: Dodged            ||    75

Table legend: (Time is in decaauts)
 A = Elapsed time spent in this place.
 B = Non-inter-level travel time spent in this place.
 C = Inter-level travel time spent in this place.
 D = Time resting spent in this place.
 E = Time spent auto-exploring this place.
 F = Levels seen in this place.
 G = Mean time per level.
                   A        B        C        D        E       F      G
               +--------+--------+--------+--------+--------+-----+--------+
         Total |   1272 |   1244 |     28 |     71 |    938 |   2 |  636.0 |
       Dungeon |   1272 |   1244 |     28 |     71 |    938 |   2 |  636.0 |
               +--------+--------+--------+--------+--------+-----+--------+

Top non-repeatable levels by time:
     D:1: 673 daAuts
     D:2: 598 daAuts
